 Dungeon Crawl Stone Soup version 0.26.1-2-gb8aa6d0cf2 (webtiles) character file.

Game seed: 12224272354018978394

904 nightchill the Spear-Bearer (level 8, -11/64 HPs)
             Began as a Merfolk Gladiator on Mar 16, 2021.
             Mangled by an orc warrior
             ... wielding a +0 short sword
              (18 damage)
             ... on level 4 of the Dungeon.
             The game lasted 00:09:12 (6138 turns).

nightchill the Spear-Bearer (Merfolk Gladiator)     Turns: 6138, Time: 00:09:13

Health: -11/64     AC: 10    Str: 14    XL:     8   Next: 8%
Magic:  8/8        EV: 11    Int: 10    God:
Gold:   272        SH:  0    Dex: 15    Spells: 7/7 levels left

rFire    . . .     SeeInvis .   a - +1 trident
rCold    . . .     Faith    .   (no shield)
rNeg     . . .     Spirit   .   D - +0 chain mail
rPois    .         Reflect  .   c - +1 helmet
rElec    .         Harm     .   (no cloak)
rCorr    .         Rampage  .   (no gloves)
Will     .....                  (no boots)
Stlth    ..........             (no amulet)
HPRegen  0.20/turn              r - +4 ring of evasion
MPRegen  0.11/turn              (no ring)

@: no status effects
A: change form in water, swift swim, stealthy swim
a: no special abilities


You were on level 4 of the Dungeon.
You visited 1 branch of the dungeon, and saw 6 of its levels.
You also visited: Sewer.

You collected 272 gold pieces.

Inventory:

Hand Weapons
 a - a +1 trident (weapon)
Missiles
 d - 3 throwing nets (quivered)
 g - 15 poisoned darts
 q - 4 curare-tipped darts
 w - 4 datura-tipped darts
Armour
 c - a +1 helmet (worn)
 D - a +0 chain mail (worn)
Jewellery
 r - a +4 ring of evasion (left hand)
 y - an uncursed ring of ice
 B - a +6 ring of dexterity {unknown}
Scrolls
 e - 2 scrolls of teleportation
 h - a scroll of fog
 k - 2 scrolls of fear
 m - 5 scrolls of magic mapping
 u - a scroll of amnesia
 x - 2 scrolls of identify
Potions
 f - 3 potions of cancellation
 j - 2 potions of ambrosia
 l - 2 potions of brilliance
 n - 4 potions of curing
 o - 2 potions of heal wounds
 t - a potion of lignification
 v - 2 potions of flight
 z - a potion of mutation
 A - 2 potions of resistance {unknown}
 C - 2 potions of magic {unknown}


   Skills:
 + Level 6.0 Fighting
 * Level 11.1 Polearms
 - Level 2.0 Throwing
 - Level 4.0 Dodging


You had 7 spell levels left.
You didn't know any spells.
Your spell library contained the following spells:

 Spells                   Type           Power        Failure   Level
 Freeze                   Ice            0%           100%        1
 Frozen Ramparts          Ice            0%           100%        3
 Ozocubu's Armour         Ice            0%           100%        3
 Hailstorm                Conj/Ice       0%           100%        4
 Summon Ice Beast         Ice/Summ       0%           100%        4


Dungeon Overview and Level Annotations

Branches:
Dungeon (6/15)              Sewer (visited)
 Temple: D:4-7

Altars:
Dithmenos
Okawaru

Annotations:
D:1 1 runed translucent door


Message History

You hit the orc warrior.
The orc warrior is almost dead.
The orc warrior hits you with a +0 short sword.
* * * LOW HITPOINT WARNING * * *
You closely miss the orc warrior.
The orc warrior is almost dead.
The orc warrior hits you with a +0 short sword!
* * * LOW HITPOINT WARNING * * *
You closely miss the orc warrior.
The orc warrior is almost dead.
The orc warrior closely misses you.
You closely miss the orc warrior.
The orc warrior is almost dead.
You closely miss the orc warrior.
The orc warrior is almost dead.
The orc warrior barely misses you.
You hit the orc warrior but do no damage.
The orc warrior is almost dead.
The orc warrior hits you with a +0 short sword!!
You die...

###### #..).#
#....########
#...........####
####.o......##....###
#...@..............>.
#.#########...###.###
#####.# ###..##.###
#...#.# #####.#.....
#...#.########....[..#..(
#...#.#........###.######
#.......######## #..####
#.............#####.##.#
#....[......#.....#.##.#


You could see an orc warrior.

Vanquished Creatures
  2 ice beasts (D:5)
  A big kobold (Sewer)
  A howler monkey (D:5)
  2 bullfrog zombies (D:5)
  2 hounds
  A bullfrog skeleton (D:4)
  3 orc wizards (D:5)
  2 iguanas (D:4)
  3 worker ants
  A worker ant zombie (D:5)
  14 adders
  A shadow imp (D:5)
  An ufetubus (D:5)
  An ooze (D:2)
  An adder skeleton (D:3)
  2 worms
  3 dart slugs
  2 leopard geckos
  7 orcs
  4 bats
  9 goblins
  6 hobgoblins
  7 jackals
  12 kobolds
  A ball python (D:5)
  12 frilled lizards
  A quokka zombie (D:5)
  11 rats
113 creatures vanquished.

Vanquished Creatures (others)
  8 plants (D:4)
8 creatures vanquished.

Grand Total: 121 creatures vanquished

Notes
Turn   | Place    | Note
-------+----------+-------------------------------------------
     0 | D:1      | nightchill the Merfolk Gladiator began the quest for the
                  | Orb.
     0 | D:1      | Reached XP level 1. HP: 16/16 MP: 1/1
     1 | D:1      | Found a runed translucent door.
     2 | D:1      | Noticed a jelly
    44 | D:1      | Reached XP level 2. HP: 17/23 MP: 2/2
   148 | D:1      | Reached skill level 5 in Polearms
   772 | D:2      | Reached XP level 3. HP: 28/28 MP: 3/3
   850 | D:2      | Reached skill level 6 in Polearms
  1400 | D:2      | Reached XP level 4. HP: 34/35 MP: 4/4
  1866 | D:3      | Found a glowing drain.
  1876 | Sewer    | Entered a sewer
  1952 | Sewer    | Noticed a big kobold
  1975 | Sewer    | Killed a big kobold
  1976 | Sewer    | Reached skill level 7 in Polearms
  1976 | Sewer    | Reached XP level 5. HP: 29/42 MP: 5/5
  2096 | Sewer    | Found a white marble altar of Elyvilon.
  3720 | D:4      | Reached skill level 8 in Polearms
  3720 | D:4      | Reached XP level 6. HP: 38/48 MP: 6/6
  4644 | D:4      | Reached skill level 9 in Polearms
  5025 | D:4      | Identified the +8 hand axe "Ukhud" {elec, Str+3} (You found
                  | it on level 4 of the Dungeon)
  5059 | D:5      | Entered Level 5 of the Dungeon
  5086 | D:5      | Reached XP level 7. HP: 55/55 MP: 7/7
  5132 | D:5      | Reached skill level 5 in Fighting
  5371 | D:5      | Reached skill level 10 in Polearms
  5543 | D:5      | Found an iron altar of Okawaru.
  5800 | D:5      | Reached XP level 8. HP: 64/64 MP: 8/8
  5903 | D:5      | Found a shadowy altar of Dithmenos.
  6055 | D:5      | Reached skill level 11 in Polearms
  6138 | D:4      | Mangled by an orc warrior

Illustrated notes

Levels and vault maps discovered:
D:1:      dpeg_arrival_caged_fury, layout_rooms
D:2:      layout_loops_corners
D:3:      layout_basic, cheibrodos_sewer_entry_bend
D:4:      layout_rooms, minmay_lizard_king
D:5:      layout_rooms, basic_altar, corner_web_ring, kennysheep_flooded_box
D:6:      layout_rooms, fedhas_altar_2, serial_shops, shop,
          minmay_misc_feat_cross

Skill      XL: |  1  2  3  4  5  6  7  8 |
---------------+-------------------------+-----
Polearms       | 5 6 7 8 9 10 11 | 11.1
Fighting       | 3 4 5 6 |  6.0
Throwing       | |  2.0
Dodging        | |  4.0

Action                   |  1- 3 |  4- 6 |  7- 9 || total
-------------------------+-------+-------+-------++-------
Melee: Trident           |   108 |   276 |   156 ||   540
       Tailslap          |       |     1 |       ||     1
  Use: Scroll            |     3 |    10 |     5 ||    18
       Potion            |       |       |     1 ||     1
 Stab: Sleeping          |     1 |     2 |       ||     3
Armor: Leather armour    |    13 |    34 |       ||    47
       Ring mail         |       |    12 |    23 ||    35
       Chain mail        |       |       |    16 ||    16
Dodge: Dodged            |    48 |   153 |    74 ||   275
